 Dungeon Crawl Stone Soup version 0.32-a0-450-g080537f31e (webtiles) character file.

Game seed: 14940219351656128707

8906 Goblin1989 the Slicer (level 11, 0/83 HPs)
             Began as a Demonspawn Delver on Feb 21, 2024.
             Was an Initiate of Gozag.
             Slain by a wolf (7 damage)
             ... on level 1 of the Lair of Beasts on Feb 23, 2024.
             The game lasted 00:28:42 (9284 turns).

Goblin1989 the Slicer (Demonspawn Delver)           Turns: 9284, Time: 00:28:43

Health: 0/83       AC:  9    Str: 20    XL:     11   Next: 16%
Magic:  11/11      EV: 22    Int: 10    God:    Gozag
Gold:   322        SH:  7    Dex: 30    Spells: 10/10 levels left

rFire   + . .        b - +2 quick blade (flame)
rCold   . . .        C - +0 buckler
rNeg    . . .        z - +1 leather armour of Morality {Int+3}
rPois   .            B - +1 hat of the Dozen Allies {rElec Regen+ Int-3 Dex+6}
rElec   +            N - +0 cloak
rCorr   .            (no gloves)
SInv    .            (no boots)
Will    .....        E - amulet of magic regeneration
Stlth   ++++         w - +6 ring of dexterity
HPRegen 1.13/turn    Q - +6 ring of strength
MPRegen 0.52/turn

%: no passive effects
@: agile, marked, studying Stealth
A: molten scales 2, powered by death 2, powered by pain 1, fire resistance 1,
MP-powered wands
a: Renounce Religion, Potion Petition, Call Merchant, Bribe Branch


You were on level 1 of the Lair of Beasts.
You worshipped Gozag.
Gozag was aware of your devotion.
You visited 3 branches of the dungeon, and saw 12 of its levels.

You collected 1552 gold pieces.
You spent 1136 gold pieces at shops.
You paid 94 gold pieces to Gozag.

Inventory:

Hand Weapons
 a - the +7 dagger "Jubiuh" {freeze, Int+2 Dex+3}
   (You found it on level 8 of the Dungeon)

   Int+2:     It affects your intelligence (+2).
   Dex+3:     It affects your dexterity (+3).
 b - a +2 quick blade of flaming (weapon)
Missiles
 h - 87 stones
 s - 9 boomerangs {@Q3}
 J - a throwing net {!d , @Q1}
 L - 5 poisoned darts (quivered)
 R - 5 javelins {@Q3}
Armour
 z - the +1 leather armour of Morality (worn) {Int+3}
   (You found it on level 3 of the Dungeon)

   Int+3:     It affects your intelligence (+3).
 B - the +1 hat of the Dozen Allies (worn) {rElec Regen+ Int-3 Dex+6}
   (You found it on level 4 of the Dungeon)

   Int-3:     It affects your intelligence (-3).
   Dex+6:     It affects your dexterity (+6).
   rElec:     It insulates you from electricity.
   Regen+:    It increases your rate of health regeneration.
 C - a +0 buckler (worn)
 N - a +0 cloak (worn)
Jewellery
 w - a +6 ring of dexterity (left hand)
 E - an amulet of magic regeneration (around neck)
 O - a ring of protection from fire
 Q - a +6 ring of strength (right hand)
 S - a ring of magical power
 U - a ring of protection from cold
Wands
 g - a wand of digging (8) {@v3}
 v - a wand of paralysis (8) {@v2}
 D - a wand of flame (18) {@v1}
 P - a wand of iceblast (4) {@v5}
Scrolls
 c - 4 scrolls of fog
 d - 3 scrolls of revelation
 e - 2 scrolls of fear
 i - 4 scrolls of identify {@r1}
 m - 5 scrolls of torment
 p - 3 scrolls of noise
 t - a scroll of vulnerability
 u - 4 scrolls of amnesia
 y - 3 scrolls of enchant armour
 A - 8 scrolls of teleportation {!r, @r2}
Potions
 f - 2 potions of haste {@q3,}
 j - 3 potions of mutation {!q}
 k - 3 potions of lignification
 q - 2 potions of berserk rage
 x - 3 potions of curing {@q1}
 H - a potion of invisibility {unknown}
 T - a potion of attraction {unknown}


   Skills:
 + Level 6.6 Fighting
 * Level 12.8 Short Blades
 + Level 2.0 Throwing
 + Level 5.6 Dodging
 + Level 6.0 Stealth
 - Level 4.0 Shields


You had 10 spell levels left.
You didn't know any spells.
Your spell library contained the following spells:

 Spells                   Type           Power      Damage    Failure   Level
 Apportation              Tloc           0%         N/A       50%         1
 Magic Dart               Conj           0%         1d3       50%         1
 Necrotise                Necr           0%         1d4       50%         1
 Sandblast                Erth           0%         2d4       50%         1
 Sting                    Conj/Alch      0%         1d3       50%         1
 Summon Small Mammal      Summ           0%         N/A       50%         1
 Searing Ray              Conj           0%         2d4       63%         2
 Call Canine Familiar     Summ           0%         N/A       86%         3
 Passwall                 Erth           0%         N/A       86%         3
 Stone Arrow              Conj/Erth      0%         3d7       86%         3
 Brom's Barrelling Bould  Conj/Erth      0%         2d3       99%         4
 Fulminant Prism          Conj/Alch      0%         3d5       99%         4
 Summon Blazeheart Golem  Fire/Summ      0%         N/A       99%         4
 Sculpt Simulacrum        Ice/Alch       0%         N/A       100%        6
 Ozocubu's Refrigeration  Ice            0%         4d7       100%        7
 Polar Vortex             Ice            0%         N/A       100%        9


Dungeon Overview and Level Annotations

Branches:
Dungeon (10/15) Zot: 25957  Temple (1/1) D:5 Zot: 5967    Lair (1/5) D:10 Zot: 5905
    Orc (0/2) D:10

Altars:
Ashenzari
Cheibriados
Dithmenos
Fedhas
Gozag
Hepliaklqana
Kikubaaqudgha
Makhleb
Nemelex Xobeh
Okawaru
Qazlal
Ru
Sif Muna
Trog
Uskayaw
Vehumet
Wu Jian
Xom
Yredelemnul

Shops:
D:4 ?   D:5 :

Portals:
Trove: D:10 (give 14 scrolls of teleportation)

Annotations:
D:4 2 transporters
D:10 1 runed translucent door, funkygono's ghost, journeyman DEFE
Lair:1 Harold


Innate Abilities, Weirdness & Mutations

You are mostly covered in molten scales. (AC +3)
You regenerate health from kills.
You sometimes gain a little power by taking damage.
Your flesh is heat resistant. (rF+)
You expend magic power (3 MP) to strengthen your wands.


Message History

You feel agile all of a sudden.
The polar bear bites you but does no damage.
The polar bear claws you but does no damage.
The polar bear misses you.
You take 10 damage, and have 67/83 hp.
You hit Harold but do no damage.
Harold is lightly wounded.
You hit Harold. You freeze Harold.
Harold is lightly wounded.
A wolf comes into view.
Harold hits you with a +0 flail. The polar bear closely misses you.
The polar bear misses you. The polar bear barely misses you.
You take 4 damage, and have 63/83 hp.
The +7 dagger "Jubiuh" {freeze, Int+2 Dex+3} stops glowing.
Your +2 quick blade of flaming bursts into flame!
b - a +2 quick blade of flaming (weapon)
A wolf comes into view.
A black mamba comes into view.
You hit Harold. You burn Harold. You hit Harold but do no damage.
Harold is moderately wounded.
Harold hits you with a +0 flail!
You focus on the pain.
You feel more agile all of a sudden. You block the polar bear's attack.
The polar bear claws you but does no damage.
The polar bear closely misses you.
A wolf comes into view.
You take 16 damage, and have 47/83 hp.
You barely miss Harold. You hit Harold. You burn Harold.
Harold is moderately wounded.
Harold completely misses you.
You hit Harold but do no damage. x2
Harold is moderately wounded.
The polar bear closely misses you.
The polar bear claws you but does no damage.
The polar bear misses you.
You hit Harold. You burn Harold. You hit Harold. You burn Harold.
Harold is heavily wounded.
A wolf comes into view.
Harold hits you with a +0 flail!!
* * * LOW HITPOINT WARNING * * *
You focus on the pain.
You feel more agile all of a sudden.
You block the polar bear's attack. x2; The polar bear misses you.
You take 19 damage, and have 30/83 hp.
MASSIVE DAMAGE!!
Okay, then.
Okay, then.
Unknown command.
Okay, then.
You hit Harold. You burn Harold. You puncture Harold! You burn Harold.
Harold is severely wounded.
Harold barely misses you.
You hit Harold but do no damage. You puncture Harold! You burn Harold.
Harold is almost dead.
A wolf comes into view.
You block the wolf's attack. The polar bear completely misses you.
The polar bear claws you but does no damage.
The polar bear barely misses you.
You hit Harold but do no damage. x2
Harold is almost dead.
You block the wolf's attack. The black mamba closely misses you.
The wolf bites you but does no damage. You block the wolf's attack.
Harold hits you with a +0 flail!
* * * LOW HITPOINT WARNING * * *
The polar bear bites you!
* * * LOW HITPOINT WARNING * * *
The polar bear completely misses you. The polar bear claws you.
* * * LOW HITPOINT WARNING * * *
You take 26 damage, and have 6/83 hp.
MASSIVE DAMAGE!!
You feel much better. The black mamba misses you. The wolf misses you. x2
The wolf bites you but does no damage. The black mamba closely misses you.
The wolf bites you but does no damage. The wolf closely misses you.
You block the wolf's attack.
Harold points at you and mumbles some strange words.
The mark upon you grows brighter. The polar bear completely misses you.
You block the polar bear's attack. The polar bear misses you.
You regained 28 hp, and now have 34/83 hp.
Throw: 6 darts (poison)
Press: ? - help, Q - select action, (/) - cycle Shift-Dir - straight line, f - wolf
Aim: a wolf (55% to hit)
You throw a poisoned dart. The poisoned dart hits the wolf.
The wolf is poisoned.
The black mamba barely misses you. The wolf completely misses you.
You block the wolf's attack. The wolf misses you. The black mamba bites you!
* * * LOW HITPOINT WARNING * * *
You are poisoned.
The black mamba poisons you! You block the wolf's attack.
Harold hits you with a +0 flail!!
* * * LOW HITPOINT WARNING * * *
You take 33 damage, and have 1/83 hp.
MASSIVE DAMAGE!!
Unknown command.
Unknown command.
You feel better. The wolf barely misses you. The wolf completely misses you. x2
The black mamba bites you.
* * * LOW HITPOINT WARNING * * *
The polar bear barely misses you. The polar bear completely misses you.
The polar bear closely misses you. The wolf misses you.
You block the wolf's attack. The wolf completely misses you. x2
The wolf bites you!
You die...
Your body crumbles into a pile of gold.

..█ ██....███ ..█
...███.....█.███.█
█...█..█.........█
█.....███........█
.....█████.......█
█.....██.........███████
█.........█.....(.......
l..███...███...S@h......
..█ █....███..h@h.█████
.. █.....█...hhh.█ ..
...█..█.......██ ...█
█...███...█ ... ██..██
█...█ █....███...██
█.....█.....█
█.....█......██
██.████.....<█


You could see Harold, a polar bear, a black mamba and 5 wolves.

Vanquished Creatures
  2 two-headed ogres (D:10)
  A boulder beetle (D:10)
  A gargoyle (D:10)
  A wyvern (Lair:1)
  A vampire (D:9)
  17 yaks
  A steam dragon (D:6)
  3 vampire mosquitoes (D:10)
  2 sky beasts
  An orc warrior (D:10)
  2 black bears (D:6)
  6 centaurs
  A phantom (D:5)
  2 kobold brigands
  2 bullfrogs
  17 wights
  3 killer bees (D:9)
  3 howler monkeys
  3 jellies
  2 bombardier beetles
  A gnoll bouda (D:5)
  3 hounds
  7 orc priests
  Jessica (D:2)
  12 orc wizards
  3 iguanas
  8 gnolls
  5 adders
  A white imp (D:6)
  2 ufetubi (D:6)
  A dart slug (D:2)
  A ribbon worm (D:3)
  35 orcs
  8 ball pythons
  6 endoplasms
  7 giant cockroaches
  9 goblins
  5 hobgoblins
  8 quokkas
  6 bats
  4 frilled lizards
  13 kobolds
  5 rats
222 creatures vanquished.

Vanquished Creatures (others)
  A human (D:3)
  An orc wizard (D:10)
2 creatures vanquished.

Grand Total: 224 creatures vanquished

Notes
Turn   | Place    | Note
-------+----------+-------------------------------------------
     0 | D:5      | Goblin1989 the Demonspawn Delver began the quest for the
                  | Orb.
     0 | D:5      | Reached XP level 1. HP: 18/18 MP: 1/1
    58 | D:3      | Noticed a hound
    88 | D:3      | Found an ancient bone altar of Kikubaaqudgha.
    89 | D:3      | Noticed a human
    98 | D:3      | Killed a human
   154 | D:3      | Reached skill level 2 in Short Blades
   154 | D:3      | Gained mutation: You sometimes gain a little power by
                  | taking damage. [demonic ancestry]
   154 | D:3      | Reached XP level 2. HP: 13/24 MP: 2/2
   557 | D:2      | Reached skill level 5 in Stealth
   632 | D:2      | Noticed Jessica
   634 | D:2      | Found a blossoming altar of Fedhas.
   726 | D:1      | Gained mutation: You are partially covered in molten
                  | scales. (AC +2) [demonic ancestry]
   726 | D:1      | Reached XP level 3. HP: 29/29 MP: 3/3
   811 | D:1      | Found a faded altar of an unknown god.
  1046 | D:1      | Reached skill level 3 in Short Blades
  1181 | D:1      | Reached XP level 4. HP: 35/35 MP: 4/4
  1761 | D:2      | Killed Jessica
  2100 | D:3      | Gained mutation: You expend magic power (3 MP) to
                  | strengthen your wands. [potion of mutation]
  2100 | D:3      | Gained mutation: Your flesh is heat resistant. (rF+)
                  | [potion of mutation]
  2104 | D:3      | HP: 2/52 [orc/boomerang (3)]
  2110 | D:3      | HP: 1/52 [orc/boomerang (3)]
  2116 | D:3      | Gained mutation: You regenerate a little health from kills.
                  | [demonic ancestry]
  2116 | D:3      | Reached XP level 5. HP: 31/41 MP: 5/5
  2380 | D:3      | Identified the +1 leather armour of Morality {Int+3}
  2626 | D:3      | Reached skill level 4 in Short Blades
  3194 | D:4      | Noticed a centaur
  3196 | D:4      | Killed a centaur
  3197 | D:4      | Reached XP level 6. HP: 47/47 MP: 6/6
  3224 | D:4      | Reached skill level 5 in Short Blades
  3230 | D:4      | Found The Oracle's Delphic Readings.
  3304 | D:4      | Found a snail-covered altar of Cheibriados.
  3348 | D:4      | Noticed an orc warrior
  3349 | D:4      | Found a stormy altar of Qazlal.
  3349 | D:4      | Found a shadowy altar of Dithmenos.
  3349 | D:4      | Found a hazy altar of Hepliaklqana.
  3357 | D:4      | Found a transporter.
  3482 | D:4      | Found a transporter.
  3757 | D:4      | Identified the +1 hat of the Dozen Allies {rElec Regen+
                  | Int-3 Dex+6}
  4022 | D:5      | Found a hide-covered altar of Uskayaw.
  4041 | D:5      | Found a bloodstained altar of Trog.
  4103 | D:5      | Reached skill level 6 in Short Blades
  4103 | D:5      | Gained mutation: You are mostly covered in molten scales.
                  | (AC +3) [demonic ancestry]
  4103 | D:5      | Reached XP level 7. HP: 52/52 MP: 7/7
  4568 | D:5      | Reached skill level 7 in Short Blades
  4647 | D:5      | Found Puzic's Self-Improvement Boutique.
  5050 | D:5      | Found a staircase to the Ecumenical Temple.
  5090 | Temple   | Entered the Ecumenical Temple
  5106 | Temple   | Became a worshipper of Gozag Ym Sagoz the Greedy
  5190 | D:6      | Noticed a steam dragon
  5198 | D:6      | Killed a steam dragon
  5199 | D:6      | Reached XP level 8. HP: 58/58 MP: 8/8
  5238 | D:6      | Reached skill level 8 in Short Blades
  5409 | D:6      | Reached skill level 9 in Short Blades
  5578 | D:6      | Reached skill level 10 in Short Blades
  6077 | D:4      | Bought a scroll of identify for 24 gold pieces
  6077 | D:4      | Bought a scroll of fog for 48 gold pieces
  6077 | D:4      | Bought a scroll of identify for 24 gold pieces
  6194 | D:7      | Gained mutation: You regenerate health from kills. [demonic
                  | ancestry]
  6194 | D:7      | Reached XP level 9. HP: 63/63 MP: 9/9
  6503 | D:7      | Upgraded the game from 0.32-a0-407-g4da7c8d6d1 to
                  | 0.32-a0-450-g080537f31e
  6638 | D:8      | Reached skill level 1 in Shields
  6692 | D:8      | Reached skill level 1 in Throwing
  6771 | D:8      | Identified the +7 dagger "Jubiuh" {freeze, Int+2 Dex+3}
  7071 | D:8      | Reached skill level 11 in Short Blades
  7522 | D:9      | Reached XP level 10. HP: 71/73 MP: 10/10
  7705 | D:9      | Reached skill level 5 in Fighting
  8050 | D:9      | Identified a scroll of acquirement
  8051 | D:9      | Acquired a +2 quick blade of flaming
  8074 | D:10     | Entered Level 10 of the Dungeon
  8152 | D:10     | Reached skill level 12 in Short Blades
  8155 | D:10     | Noticed a two-headed ogre
  8171 | D:10     | Killed a two-headed ogre
  8226 | D:10     | Found an ornate altar of the Wu Jian Council.
  8240 | D:10     | Found a staircase to the Orcish Mines.
  8265 | D:10     | Reached skill level 5 in Dodging
  8325 | D:10     | Found a staircase to the Lair.
  8357 | D:10     | Noticed a boulder beetle
  8370 | D:10     | Noticed a two-headed ogre
  8384 | D:10     | Killed a two-headed ogre
  8385 | D:10     | Reached XP level 11. HP: 59/81 MP: 11/11
  8408 | D:10     | Killed a boulder beetle
  8481 | D:10     | Noticed funkygono's ghost (journeyman DEFE)
  8488 | D:10     | Found a runed translucent door.
  8791 | D:10     | Found a portal to a secret trove of treasure.
  9068 | D:5      | Bought a manual of Stealth for 1040 gold pieces
  9182 | Lair:1   | Entered Level 1 of the Lair of Beasts
  9254 | Lair:1   | Noticed Harold
  9283 | Lair:1   | HP: 1/83 [Harold/+0 flail (20)]
  9284 | Lair:1   | Slain by a wolf

Illustrated notes

Levels and vault maps discovered:
D:1:      onia_arrival_pentagram, layout_loops_ring,
          dreamdust_ecumenical_altar_grove
D:2:      layout_loops_corners, basic_altar, due_unseen_surprise, uniq_jessica
D:3:      layout_basic, tgw_kikubaaqudgha, gup_sewer_entry_pipe,
          minmay_fractal_squares_5
D:4:      layout_loops_corners, gammafunk_temple_overflow_arena, slow_altar_1,
          chequers_serial_rivers_large_a, nicolae_nh_oracle_at_delphi
D:5:      layout_loops_ring, general_overflow_altar, minitemple,
          minmay_temple_entry_enclosed_plants, nicolae_shop_self_help
D:6:      layout_basic, serial_bayou_crossing
D:7:      layout_rooms, item_on_display_a
D:8:      layout_rooms
D:9:      layout_small_grid
D:10:     layout_gridville, mainiacjoe_overflow_24_doors, lair_entry_dummy,
          david_orc_3, nicolae_trove_entry_crystal,
          hellmonk_ghost_happy_afterlife, serial_library_regret_index_multi,
          minmay_misc_feat_pillars, minmay_chambers_of_fives
Temple:   dshaligram_water_room_temple
Lair:1:   hellmonk_destroyed_diamonds, layout_chaotic_city, wad_woods_road_02,
          dreamdust_gnoll_shepherd, uniq_harold

Skill      XL: |  1  2  3  4  5  6  7  8  9 10 |
---------------+-------------------------------+-----
Short Blades   | 2 3 4 6 7 10 11 12 | 12.8
Stealth        | 5 6 |  6.0
Dodging        | 3 5 |  5.6
Shields        | 3 4 |  4.0
Throwing       | 2 |  2.0
Fighting       | 4 6 |  6.6

Action                     |  1- 3 |  4- 6 |  7- 9 | 10-12 || total
---------------------------+-------+-------+-------+-------++-------
  Melee: Short sword       |   114 |     3 |       |       ||   117
         Rapier            |       |   169 |   324 |       ||   493
         Dagger            |       |       |    86 |   230 ||   316
         Quick blade       |       |       |       |    14 ||    14
  Throw: Dart              |       |       |     3 |     1 ||     4
  Evoke: Wand              |       |     1 |       |       ||     1
    Use: Potion            |       |     4 |     1 |     2 ||     7
         Scroll            |       |       |     8 |     2 ||    10
   Stab: Sleeping          |    12 |    15 |    14 |     2 ||    43
         Distracted        |       |       |     2 |     3 ||     5
 Armour: Leather armour    |    59 |   104 |   243 |    68 ||   474
         Skin              |       |    20 |       |       ||    20
  Dodge: Dodged            |    62 |    68 |   198 |   104 ||   432
  Block: Buckler           |       |       |   104 |    55 ||   159

Table legend: (Time is in decaauts)
 A = Elapsed time spent in this place.
 B = Non-inter-level travel time spent in this place.
 C = Inter-level travel time spent in this place.
 D = Time resting spent in this place.
 E = Time spent auto-exploring this place.
 F = Levels seen in this place.
 G = Mean time per level.
                   A        B        C        D        E       F      G
               +--------+--------+--------+--------+--------+-----+--------+
         Total |   9097 |   8341 |    756 |    467 |   5484 |  12 |  758.1 |
       Dungeon |   8971 |   8246 |    725 |    439 |   5463 |  10 |  897.1 |
        Temple |     32 |      2 |     30 |      0 |      0 |   1 |   32.0 |
          Lair |     93 |     93 |      0 |     28 |     21 |   1 |   93.0 |
               +--------+--------+--------+--------+--------+-----+--------+

Top non-repeatable levels by time:
     D:3: 1403 daAuts
     D:5: 1336 daAuts
     D:4: 1127 daAuts
     D:2: 980 daAuts
    D:10: 852 daAuts
     D:6: 846 daAuts
     D:9: 811 daAuts
     D:8: 682 daAuts
     D:1: 543 daAuts
     D:7: 388 daAuts
  Lair:1: 93 daAuts
  Temple: 32 daAuts
